 Dungeon Crawl Stone Soup version 0.31.0-9-g3a7656b989 (webtiles) character file.

Game seed: 4656795583628036162

480 qw the Shooter (level 6, -5/52 HPs)
             Began as a Demigod Hunter on Feb 2, 2024.
             Slain by Duvessa
             ... wielding a +2 rapier of flaming
              (11 damage)
             ... on level 4 of the Dungeon.
             The game lasted 00:00:09 (2449 turns).

qw the Shooter (Demigod Hunter)                     Turns: 2449, Time: 00:00:10

Health: -5/52      AC:  6    Str: 12    XL:     6   Next: 55%
Magic:  8/8        EV: 11    Int: 11    God:
Gold:   88         SH:  0    Dex: 25    Spells: 5/5 levels left

rFire   + . .        a - +0 shortbow
rCold   . . .        (shield currently unavailable)
rNeg    . . .        g - +0 ring mail
rPois   .            i - +0 helmet
rElec   .            (no cloak)
rCorr   .            (no gloves)
SInv    .            (no boots)
Will    .....        b - amulet of the acrobat
Stlth   ++           e - ring of protection from fire
HPRegen 0.28/turn    (no ring)
MPRegen 0.11/turn

%: acrobat
@: no status effects
A: high MP 1, forlorn, divine attributes
a: no special abilities


You were on level 4 of the Dungeon.
You visited 1 branch of the dungeon, and saw 4 of its levels.

You collected 88 gold pieces.


Innate Abilities, Weirdness & Mutations

You have an increased reservoir of magic. (+10% MP)
You shall have no god before yourself.
Your divine heritage dramatically boosts your attributes as you level up.


   Skills:
 - Level 3.8 Fighting
 - Level 6.3 Ranged Weapons
 - Level 1.0 Armour
 + Level 2.3 Dodging
 - Level 0.8 Stealth


You had 5 spell levels left.
You didn't know any spells.
Your spell library was empty.

Inventory:

Hand Weapons
 a - a +0 shortbow (weapon)
Armour
 d - a +1 leather armour of poison resistance
 g - a +0 ring mail (worn)
 i - a +0 helmet (worn)
 j - the +1 pair of boots "Foocazum" {-Cast Harm +Blink Dex+3}
   (You found it on level 3 of the Dungeon)

   Dex+3:     It affects your dexterity (+3).
   +Blink:    It lets you blink.
   -Cast:     It prevents spellcasting.
   Harm:      It increases damage dealt and taken.
Jewellery
 b - an amulet of the acrobat (around neck)
 e - a ring of protection from fire (left hand)
 f - a ring of ice
Scrolls
 c - 2 scrolls of teleportation
Potions
 h - a potion of mutation {unknown}
 k - a potion of curing

Dungeon Overview and Level Annotations

Branches:
Dungeon (4/15)
 Temple: D:4-7

Annotations:
D:4 Dowan, Duvessa


Message History

Ijyb is moderately wounded.
Ijyb zaps a wand.
Your mind is blasted!
You shoot an arrow. The arrow closely misses Ijyb.
The arrow hits Duvessa but does no damage.
Duvessa is lightly wounded.
Ijyb zaps a wand.
You struggle to resist.
You shoot an arrow. The arrow barely misses Ijyb.
The arrow hits Duvessa but does no damage.
Duvessa is lightly wounded.
Ijyb barely misses you.
You shoot an arrow. The arrow closely misses Ijyb.
The arrow closely misses Duvessa.
Ijyb hits you but does no damage.
You shoot an arrow. The arrow hits Ijyb!
Ijyb is severely wounded.
Ijyb barely misses you.
You shoot an arrow. The arrow hits Ijyb.
Ijyb is almost dead.
Ijyb zaps a wand.
Your mind is blasted!
Duvessa says, "My weaknesses are his strengths!"
Dowan says, "Magic and the sword, together, will defeat you."
Ijyb zaps a wand.
You struggle to resist.
You shoot an arrow. The arrow closely misses Ijyb.
The arrow hits Duvessa.
Duvessa is moderately wounded.
Ijyb hits you but does no damage.
You shoot an arrow. The arrow barely misses Ijyb.
The arrow hits Duvessa but does no damage.
Duvessa is moderately wounded.
Ijyb hits you but does no damage.
You shoot an arrow. The arrow hits Ijyb!
You kill Ijyb!
You shoot an arrow.
The arrow hits Duvessa but does no damage.
Duvessa is moderately wounded.
Duvessa hits you with a +2 rapier of flaming!
Duvessa burns you.
You shoot an arrow. The arrow hits Duvessa.
Duvessa is moderately wounded.
Duvessa hits you with a +2 rapier of flaming! x2
You die...

## #.#.#
#.#
..#.#.#
#..
.#.#..
###
....#
... ...#
... >e#
### #e#
#@#
######.#
#......#
#......#
#......#
######.#
#.#
########
#.#
#.......
#.#
#.######


You could see Duvessa and Dowan.

Vanquished Creatures
  Grinder (D:3)
  Edmund (D:4)
  Ijyb (D:4)
  Robin (D:2)
  An adder (D:3)
  4 gnolls
  A ribbon worm (D:2)
  3 dart slugs
  9 orcs (D:3)
  7 endoplasms
  3 giant cockroaches
  17 goblins
  5 hobgoblins
  4 kobolds
  2 quokkas (D:2)
  6 ball pythons
  4 bats
  5 frilled lizards
  3 rats
78 creatures vanquished.

Notes
Turn   | Place    | Note
-------+----------+-------------------------------------------
     0 | D:1      | qw the Demigod Hunter began the quest for the Orb.
     0 | D:1      | Reached XP level 1. HP: 17/17 MP: 3/3
     0 | D:1      | 0 ||| qw: Version: 0.3-a-155-g5e7d8dd
     0 | D:1      | 0 ||| qw: Game counter: 92
     0 | D:1      | 0 ||| qw: Melee chars always use a shield: true
     0 | D:1      | 0 ||| qw: God list: Okawaru
     0 | D:1      | 0 ||| qw: Allow faded altars: false
     0 | D:1      | 0 ||| qw: Do Orc after clearing Dungeon:15 true
     0 | D:1      | 0 ||| qw: Do second Lair branch before Depths: true
     0 | D:1      | 0 ||| qw: Lair rune preference: random
     0 | D:1      | 0 ||| qw: Goals: Normal
     0 | D:1      | 0 ||| PLANNING D:1-11
   112 | D:1      | Reached skill level 4 in Ranged Weapons
   168 | D:1      | Reached XP level 2. HP: 14/25 MP: 4/4
   577 | D:1      | Reached XP level 3. HP: 30/30 MP: 5/5
   703 | D:1      | 703 ||| UPGRADING to +0 ring mail.
   713 | D:1      | 713 ||| DROPPING +0 leather armour.
   714 | D:1      | 714 ||| READING 2 scrolls labelled DIVITE RITINKA.
   714 | D:1      | 714 ||| IDENTIFYING scroll labelled TOR OZYIPSYAR
   715 | D:1      | 715 ||| DROPPING scroll of butterflies.
   791 | D:2      | HP: 7/30 [ribbon worm (3)]
   792 | D:2      | 792 ||| READING scroll of teleportation.
  1074 | D:2      | Noticed Robin
  1082 | D:2      | Killed Robin
  1228 | D:2      | Reached XP level 4. HP: 37/37 MP: 6/6
  1274 | D:2      | 1274 ||| UPGRADING to +0 helmet.
  1279 | D:2      | 1279 ||| UPGRADING to ring of protection from fire.
  1280 | D:2      | 1280 ||| READING 2 scrolls of identify.
  1280 | D:2      | 1280 ||| IDENTIFYING scroll labelled WYUJILISOU
  1281 | D:2      | 1281 ||| READING scroll of identify.
  1281 | D:2      | 1281 ||| IDENTIFYING scroll labelled RYOMIK FYBAT
  1282 | D:2      | 1282 ||| READING scroll labelled ZACWYA FEINEPT.
  1283 | D:2      | 1283 ||| DROPPING scroll of vulnerability.
  1284 | D:2      | 1284 ||| DROPPING scroll of fear.
  1335 | D:3      | Reached skill level 5 in Ranged Weapons
  1567 | D:3      | Reached skill level 1 in Armour
  1573 | D:3      | Noticed Grinder
  1584 | D:3      | Paralysed by Grinder for 4 turns
  1588 | D:3      | Killed Grinder
  1589 | D:3      | Reached skill level 6 in Ranged Weapons
  1589 | D:3      | Reached XP level 5. HP: 26/42 MP: 7/7
  1812 | D:3      | Reached XP level 6. HP: 37/50 MP: 8/8
  1983 | D:3      | Identified the +1 pair of boots "Foocazum" {-Cast Harm
                  | +Blink Dex+3}
  2163 | D:3      | 2163 ||| UPGRADING to amulet of the acrobat.
  2168 | D:3      | 2168 ||| READING scroll labelled CUTUEC BIACW.
  2169 | D:3      | 2169 ||| DRINKING 2 inky potions.
  2228 | D:4      | Noticed Edmund
  2238 | D:4      | Killed Edmund
  2239 | D:4      | Reached skill level 3 in Fighting
  2431 | D:4      | Noticed Dowan
  2433 | D:4      | Noticed Ijyb
  2433 | D:4      | Noticed Duvessa
  2447 | D:4      | Killed Ijyb
  2449 | D:4      | HP: 6/52 [Duvessa/+2 rapier of flaming (9)]
  2449 | D:4      | Slain by Duvessa

Levels and vault maps discovered:
D:1:      spicycebolla_arrival_xxxplode, layout_rooms, nrook_uturn,
          nicolae_grassy_gnolls
D:2:      layout_rooms, uniq_robin
D:3:      layout_basic, uniq_grinder
D:4:      layout_basic, minmay_temple_entry_trees, uniq_edmund, uniq_duvessa,
          uniq_ijyb

Skill      XL: |  1  2  3  4  5  6 |
---------------+-------------------+-----
Ranged Weapons | 4 6 |  6.3
Fighting       | 2 3 |  3.8
Armour         | 1 |  1.0
Dodging        | 2 |  2.3
Stealth        | |  0.8

Action                     |  1- 3 |  4- 6 || total
---------------------------+-------+-------++-------
   Fire: Shortbow          |   132 |   112 ||   244
    Use: Scroll            |     2 |     4 ||     6
         Potion            |       |     1 ||     1
 Armour: Leather armour    |    14 |       ||    14
         Ring mail         |    24 |    35 ||    59
  Dodge: Dodged            |    26 |    22 ||    48

Table legend:
 A = Non-vault XP
 B = Vault XP
 C = Vault XP percentage of total XP
 D = Non-vault monster count
 E = Vault monster count
 F = Vault count percentage of total count
                 A         B        C        D         E       F
            +---------+---------+-------+---------+---------+-------
      Total |     174 |     512 |  74.6 |      63 |      15 |  19.2
            +---------+---------+-------+---------+---------+-------
        D:1 |      41 |      14 |  25.5 |      23 |       1 |   4.2
        D:2 |      28 |      35 |  55.6 |      16 |      11 |  40.7
        D:3 |     101 |     258 |  71.9 |      23 |       1 |   4.2
        D:4 |       4 |     205 |  98.1 |       1 |       2 |  66.7
            +---------+---------+-------+---------+---------+-------
